Match 46023017
Unlisted

Match 46023017
End
Panzergrenadier Squad
250 Light Carrier
Panzergrenadier Squad
Construct Light Support Kompanie
Combat Half-tracks
Fire Support Elements
Flakvierling Half-track
Panzergrenadier Squad
Veteran Squad Leaders
Construct Panzerarmee Kommand
Emergency Repair Kits
Armored Reserves
Panzer IV Assault Group
Selects Armored Support Battlegroup
Selects Salvage Kits
Panzer III L Medium Tank
Selects Panzer Storm
Selects Veteran Gunners
Tungsten Core Ammunition
Panzer III L Medium Tank
Vehicle Survival Package
Panzer III L Medium Tank
Rush
DeBunkeD
✠KREUZZUG✠
MSZW
12392089
Dingo like Relic's parents
Delete Squad
12345+5
0
0

Comments sign in to comment!

No comments posted yet!